 Dungeon Crawl Stone Soup version 0.14-a0-1169-g4815781 (webtiles) character file.

963 PolkaDot the Ruffian (level 7, 0/67 HPs)
             Began as a Troll Death Knight on Nov 29, 2013.
             Was a Priest of Yredelemnul.
             Slain by Duvessa
             ... wielding a +2,+0 elven short sword
              (15 damage)
             ... on Level 5 of the Dungeon.
             The game lasted 00:13:29 (3211 turns).

PolkaDot the Ruffian (Troll Death Knight)           Turns: 3211, Time: 00:13:29

HP   0/67        AC  6     Str 22      XL: 7   Next: 50%
MP   5/6         EV 11     Int  7      God: Yredelemnul [***...]
Gold 206         SH  0     Dex 13      Spells:  0 memorised,  6 levels left

rFire  . . .     SeeInvis .       - Unarmed
rCold  . . .     Clarity  .     b - +0 robe
rNeg   . . .     Conserve +     (shield restricted)
rPois  .         rCorr    +     (helmet restricted)
rElec  .         rRot     .     t - +0 cloak {rCorr, Cons}
SustAb . .       Spirit   .     (gloves unavailable)
rMut   .         Warding  .     (boots unavailable)
Gourm  +         Stasis   .     (no amulet)
                                (no ring)
                                n - ring of teleport control

@: slightly resistant to hostile enchantments, unstealthy
A: unfitting armour, claws 3, agile 1, fast metabolism 3, gourmand, regeneration
2, saprovore 2, shaggy fur 1, tough skin 2
a: Animate Dead, Recall Undead Slaves, Injury Mirror, Renounce Religion, Evoke
Teleport Control


You were on level 5 of the Dungeon.
You worshipped Yredelemnul.
Yredelemnul was most pleased with you.
You were completely stuffed.

You visited 1 branch of the dungeon, and saw 5 of its levels.

You collected 206 gold pieces.

Inventory:

Armour
 b - a +0 robe (worn)
 o - a +0 orcish cloak
 t - a +0 cloak of preservation (worn)
Comestibles
 a - 3 meat rations
 h - 3 bread rations
 v - an apple
 w - 3 chunks of centaur flesh
Scrolls
 d - a scroll of curse armour {unknown}
 e - 5 scrolls of remove curse {unknown}
 g - a scroll of enchant armour {unknown}
 j - 2 scrolls of blinking {unknown}
 k - 2 scrolls of fear {unknown}
 m - a scroll of curse weapon {unknown}
 q - a scroll of immolation {unknown}
 r - a scroll of enchant weapon II {unknown}
 s - a scroll of identify
 u - a scroll of amnesia {unknown}
Jewellery
 n - a ring of teleport control (left claw)
Potions
 c - 5 potions of curing
 i - a potion of invisibility
 p - 2 potions of heal wounds
Books
 f - a book of Cantrips

   Spells                             Type                      Level
   Confusing Touch                    Hexes                        1
   Animate Skeleton                   Necromancy                   1
   Summon Small Mammal                Summoning                    1
   Apportation                        Translocation                1


   Skills:
 + Level 3.6 Fighting
 + Level 3.5 Dodging
 * Level 6.2 Unarmed Combat
 - Level 2.4 Invocations


You had 6 spell levels left.
You didn't know any spells.

Dungeon Overview and Level Annotations

Branches:
Dungeon (5/16)
 Temple: D:4-7

Altars:
Elyvilon
Fedhas
Makhleb
Xom

Shops:
D:5 (

Annotations:
D:5 Duvessa


Innate Abilities, Weirdness & Mutations

You are too large for most types of armour.
You have claws for hands.
Your metabolism is lightning-fast.
You like to eat raw meat.
You heal very quickly.
You can eat rotten meat.
You are covered in fur (AC +1).
You have very tough skin (AC +2).
You are agile. (Dex +2)


Message History

The puff of frost hits your giant gecko zombie.
Your giant gecko zombie resists.
Your giant gecko zombie is destroyed!
Drink which item? (? for menu, Esc to quit)
You feel better.
Your hound zombie stops glowing.
Your hound zombie closely misses Dowan.
Duvessa hits you with an elven short sword.
* * * LOW HITPOINT WARNING * * *
Your iguana zombie barely misses Duvessa.
Your orc zombie hits Dowan.
Dowan dies!
Yredelemnul accepts your slave's kill.
Duvessa screams, "No!
How DARE you!"
Duvessa goes berserk!
You claw Duvessa!
Duvessa is almost dead.
Duvessa hits you with an elven short sword!
You die...
Your body rises from the dead as a mindless zombie.

#.#.....##(# #.#
#.#..##.##(######.##
#.#..##.#.(.##.......
#.#..#...((.##.......#
#.#..#..z.zz##.......>.
#.#).#....(###.....[..
#.#<.##.%..# #..#.#.#.#
#.#..##....###..........
##.#..##......./@z!⌠.....
...#..##>...###.e.)..._..
####.∩#....(.......⌠....
#..##....###.........
##..##....# #zz#[#.#.#
#...##..... #.)......
#...#...... ......##
#..z#...... ..##...
####..#..........


You could see Duvessa (berserk), a friendly iguana zombie, a friendly hound
zombie and a friendly orc zombie.

Vanquished Creatures
  An ogre (D:5)
  A centaur (D:5)
  Crazy Yiuf (D:4)
  3 orc priests
  A centaur skeleton (D:5)
  2 hounds
  3 orc wizards
  2 iguanas (D:4)
  A worker ant (D:4)
  7 adders
  3 gnolls (D:5)
  5 giant geckos
  An ooze (D:2)
  7 orcs
  10 goblins
  16 hobgoblins
  6 jackals
  9 kobolds
  2 quokkas
  4 ball pythons
  9 bats
  10 giant cockroaches
  A giant cockroach zombie (D:5)
  3 giant newts
  A rat (D:2)
109 creatures vanquished.

Vanquished Creatures (collateral kills)
  Dowan (D:5)
  A hound (D:4)
  An iguana (D:5)
  Jessica (D:2)
  2 orcs (D:4)
  A giant cockroach (D:5)
  2 goblins (D:2)
  A hobgoblin (D:4)
  A kobold (D:4)
11 creatures vanquished.

Vanquished Creatures (others)
  A hound zombie (D:4)
  A giant gecko zombie (D:5)
  A goblin zombie (D:5)
  A hobgoblin zombie (D:4)
  2 orc zombies (D:5)
6 creatures vanquished.

Grand Total: 126 creatures vanquished

Notes
Turn   | Place    | Note
--------------------------------------------------------------
     0 | D:1      | PolkaDot, the Troll Death Knight, began the quest for the Orb.
     0 | D:1      | Reached XP level 1. HP: 20/20 MP: 2/2
    93 | D:1      | Reached XP level 2. HP: 28/28 MP: 2/2
   604 | D:1      | Reached XP level 3. HP: 35/35 MP: 4/4
   844 | D:1      | Acquired Yredelemnul's second power
   883 | D:2      | Reached skill level 3 in Unarmed Combat
  1046 | D:2      | Found a blossoming altar of Fedhas.
  1097 | D:2      | Reached XP level 4. HP: 41/44 MP: 4/4
  1109 | D:2      | Noticed Jessica
  1116 | D:2      | Killed Jessica
  1337 | D:2      | Found a burning altar of Makhleb.
  1337 | D:2      | Found a shimmering altar of Xom.
  1804 | D:3      | Reached skill level 4 in Unarmed Combat
  1804 | D:3      | Reached XP level 5. HP: 46/50 MP: 5/5
  2234 | D:3      | Acquired Yredelemnul's third power
  2477 | D:4      | Reached XP level 6. HP: 28/59 MP: 4/6
  2607 | D:4      | Noticed Crazy Yiuf
  2621 | D:4      | Killed Crazy Yiuf
  2635 | D:4      | Identified a +0 cloak of preservation (You took it off Crazy Yiuf on level 4 of the Dungeon)
  2723 | D:4      | Reached skill level 5 in Unarmed Combat
  2959 | D:5      | Entered Level 5 of the Dungeon
  3001 | D:5      | Found Fuaca's Weapon Shop.
  3005 | D:5      | Reached XP level 7. HP: 59/66 MP: 6/6
  3082 | D:5      | Reached skill level 6 in Unarmed Combat
  3188 | D:5      | Found a white marble altar of Elyvilon.
  3188 | D:5      | Noticed Dowan
  3189 | D:5      | Noticed Duvessa
  3202 | D:5      | Gained mutation: You are agile. (Dex +2) [potion of beneficial mutation]
  3204 | D:5      | Tedronai: prepare to get out
  3205 | D:5      | PolkaDot: I can see it
  3205 | D:5      | Tedronai: invis?
  3205 | D:5      | PolkaDot: Either berserk or spell upgrade
  3205 | D:5      | PolkaDot: I have invis
  3209 | D:5      | Tedronai: quaff and get out
  3210 | D:5      | Killed Dowan
  3211 | D:5      | Slain by Duvessa

Action                   |  1- 3 |  4- 6 |  7- 9 || total
-------------------------+-------+-------+-------++-------
Melee: Unarmed           |   121 |   174 |    49 ||   344
Invok: Animate Remains   |     5 |     9 |       ||    14
       Animate Dead      |       |     5 |     3 ||     8
       Recall Undead Sla |       |       |     1 ||     1
  Use: Scroll            |       |     3 |     3 ||     6
       Potion            |       |       |     2 ||     2
